 Dungeon Crawl Stone Soup version 0.22-a0-608-g8a62e23 (webtiles) character file.

113 Hebeh the Firebug (level 4, -1/24 HPs)
             Began as a Deep Elf Fire Elementalist on July 9, 2018.
             Killed from afar by an orc wizard (7 damage)
             ... with a puff of flame
             ... on level 3 of the Dungeon.
             The game lasted 00:20:15 (2589 turns).

Hebeh the Firebug (Deep Elf Fire Elementalist)      Turns: 2589, Time: 00:20:16

Health: -1/24      AC:  2    Str:  6    XL:     4   Next: 65%
Magic:  1/12       EV: 13    Int: 20    God:
Gold:   118        SH:  0    Dex: 15    Spells: 5/11 levels left

rFire    . . .     SeeInvis .   a - +5 short sword
rCold    . . .     Gourm    .   (no shield)
rNeg     . . .     Faith    .   e - +0 robe
rPois    .         Spirit   .   (no helmet)
rElec    .         Reflect  .   (no cloak)
rCorr    .         Harm     .   (no gloves)
MR       .....                  (no boots)
Stlth    +.........             (no amulet)
HPRegen  0.08/turn              (no ring)
MPRegen  0.13/turn              (no ring)

@: very slightly contaminated, very slow
A: no striking features
a: no special abilities


You were on level 3 of the Dungeon.
You were not hungry.

You visited 1 branch of the dungeon, and saw 3 of its levels.

You collected 118 gold pieces.

Inventory:

Hand Weapons
 a - a +5 short sword (weapon)
 b - a +0 hunting sling
 p - a +1 dagger of electrocution
Missiles
 h - 22 stones (quivered)
 m - 3 tomahawks
 t - 15 sling bullets
Armour
 e - a +0 robe (worn)
Magical Staves
 q - an uncursed staff of death
Scrolls
 d - 2 scrolls of identify {unknown}
 f - a scroll of teleportation {unknown}
 i - a scroll of enchant weapon
 j - 4 scrolls of remove curse {unknown}
 k - a scroll of random uselessness {unknown}
 n - a scroll of fog {unknown}
 o - a scroll of enchant armour {unknown}
 u - a scroll of blinking {unknown}
Potions
 g - 2 potions of lignification {unknown}
 l - 2 potions of curing {unknown}
 r - 2 potions of might {unknown}
 s - a potion of berserk rage {unknown}
 w - a potion of mutation {unknown}
Comestibles
 c - 5 rations
 v - a chunk of flesh


   Skills:
 + Level 0.2 Fighting
 - Level 2.4 Dodging
 - Level 3.0 Stealth
 * Level 4.1 Spellcasting
 * Level 3.2 Conjurations
 * Level 4.1 Fire Magic


You had 5 spell levels left.
You knew the following spells:

 Your Spells              Type           Power        Failure   Level  Hunger
a - Flame Tongue          Conj/Fire      ###..        2%          1    None
b - Throw Flame           Conj/Fire      ###...       4%          2    #......
c - Conjure Flame         Conj/Fire      ###.....     9%          3    ###....

Your spell library contained the following spells:

 Spells                   Type           Power        Failure   Level  Hunger
 Fireball                 Conj/Fire      ###.......   61%         5    ######.
 Sticky Flame             Conj/Fire      ###.....     28%         4    ####...
 Inner Flame              Hex/Fire       ##......     17%         3    ###....


Dungeon Overview and Level Annotations

Branches:
Dungeon (3/15)

Altars:
Kikubaaqudgha
Ru
Wu Jian
Zin


Message History

You enter a teleport trap!
The teleport trap disappears.
Your surroundings suddenly seem different.
Splash!
You fall into the shallow water.
Moving in this stuff is going to be slow.
A bat, 3 orcs and an orc wizard come into view.
The orc shouts! x3
The orc wizard casts a spell at you. The magic dart hits you!
The orc throws a tomahawk.
The tomahawk hits you.
* * * LOW HITPOINT WARNING * * *
You hear a splash.
Found a tomahawk.
You see here a tomahawk.
As you read the scroll labeled GUQUONNAXOCO, it crumbles to dust.
It is a scroll of enchant weapon.
Your +4 short sword glows red for a moment.
The bat closely misses you.
The orc wizard gestures at you while chanting.
The puff of flame hits you!
You die...

...###.#### ###
..## #+# ## #..
#. ..# #. ..#
..# ..#
#.#..##.# ..#
##.......# ###
#........#.
#..≈≈≈≈....
#..≈≈b≈⌠...
#..@≈o≈...#
.o.....o.o...##
..####.........
########## # #


You could see an orc wizard, 3 orcs and a bat.

Vanquished Creatures
  2 gnolls (D:3)
  An adder (D:2)
  A worm (D:3)
  2 dart slugs (D:1)
  8 orcs
  3 giant cockroaches
  6 goblins
  10 hobgoblins
  5 jackals
  8 kobolds
  3 ball pythons
  5 bats
  A frilled lizard (D:2)
  A jackal skeleton (D:3)
  A leopard gecko skeleton (D:3)
  9 rats
66 creatures vanquished.

Notes
Turn   | Place    | Note
-------+----------+-------------------------------------------
     0 | D:1      | Hebeh the Deep Elf Fire Elementalist began the quest for the Orb.
     0 | D:1      | Reached XP level 1. HP: 10/10 MP: 6/6
   300 | D:1      | Reached XP level 2. HP: 15/15 MP: 4/8
  1020 | D:2      | Reached XP level 3. HP: 19/19 MP: 7/9
  1307 | D:2      | Found an ancient bone altar of Kikubaaqudgha.
  1326 | D:2      | Found a glowing silver altar of Zin.
  1459 | D:2      | Found a sacrificial altar of Ru.
  1532 | D:2      | Learned a level 2 spell: Throw Flame
  1536 | D:2      | Learned a level 3 spell: Conjure Flame
  1845 | D:3      | Reached XP level 4. HP: 7/24 MP: 3/11
  2416 | D:3      | Found an ornate altar of the Wu Jian Council.
  2589 | D:3      | Killed from afar by an orc wizard

Vault maps used:
D:1:      evilmike_arrival_fibonacci_small, minmay_shallow_snake_nest
D:2:      grunt_temple_overflow_open, nicolae_ru_sacrificial_ziggurat
D:3:      lemuel_doored_altar, yredelemnul_forgotten_temple_becter,
          lemuel_coloured_pillars_altar, nemelex_xobeh_ov_fountains_minmay,
          serial_undead, serial_undead_f, serial_undead_e, serial_undead_f,
          serial_undead_a, serial_park_tiny_pond, uniq_jessica, uniq_natasha

Skill      XL: |  1  2  3  4 |
---------------+-------------+-----
Conjurations   | 2 3 |  3.2
Stealth        | 3 |  3.0
Fire Magic     | 4 |  4.1
Spellcasting   | 4 |  4.1
Fighting       | |  0.2
Dodging        | |  2.4

Action                   |  1- 3 |  4- 6 || total
-------------------------+-------+-------++-------
Melee: Unarmed           |     1 |       ||     1
       Short sword       |     6 |     3 ||     9
Throw: Stone             |     3 |       ||     3
 Cast: Flame Tongue      |    79 |    24 ||   103
       Throw Flame       |     4 |     9 ||    13
       Conjure Flame     |     1 |     1 ||     2
  Use: Scroll            |       |     1 ||     1
  Eat: Chunk             |     3 |     2 ||     5
Armor: Robe              |     3 |     1 ||     4
Dodge: Dodged            |    24 |    15 ||    39

Table legend:
 A = Spawn XP
 B = Non-spawn XP
 C = Spawn XP percentage of total XP
 D = Spawn monster count
 E = Non-spawn monster count
 F = Spawn count percentage of total count
 G = Total turns spent on level
                    A         B        C        D         E        F      G
               +---------+---------+-------+---------+---------+-------+---------
         Total |       0 |     162 |   0.0 |       0 |      66 |   0.0 |  2589
               +---------+---------+-------+---------+---------+-------+---------
           D:1 |       0 |      40 |   0.0 |       0 |      22 |   0.0 |  1019
           D:2 |       0 |      57 |   0.0 |       0 |      27 |   0.0 |  1091
           D:3 |       0 |      65 |   0.0 |       0 |      17 |   0.0 |   479
               +---------+---------+-------+---------+---------+-------+---------
